AoeStats
← Can

Arena

506897785Analyzed
1v1 RM · 16d ago on Sep 15, 2026· 29m 28s· 2 players
Game mode
Random Map
Map size
Tiny (2 player)
Population
200
Speed
Normal
Resources
Standard
Victory
Conquest
Starting age
Dark Age
Ending age
Imperial Age
RankedLock teamsTeams togetherTeam positionsShared explorationLock speedFull tech treeHidden civsTurbo modeCheats
Victory
Defeat
🇨🇱 Chinese · Chile
453
+15
🇲🇽 Maya · Mexico
424
-15
Can
1:33 Loom
11:56 Feudal Age
13:03 Double-Bit Axe
13:23 Horse Collar
15:43 Wheelbarrow
19:18 Castle Age
17:39 Fletching
18:52 Stone Mining
20:19 Elite Skirmisher
21:41 Stone Shaft Mining
21:18 Heavy Plow
21:30 Bow Saw
21:37 Bodkin Arrow
21:43 Padded Archer Armor
22:03 Gold Mining
22:25 Treadmill Crane
22:41 Murder Holes
24:31 Thumb Ring
24:37 Eagle Warrior
25:37 Pikeman
29:03 Ballistics
28:49 Hul'che Javelineers
Parqueros
0:39 Loom
12:58 Feudal Age
18:04 Castle Age
16:09 Horse Collar
16:44 Double-Bit Axe
17:31 Gold Mining
21:08 Wheelbarrow
20:19 Town Watch
23:34 Padded Archer Armor
25:19 Hand Cart
28:02 Town Patrol
28:32 Bow Saw
28:15 Stone Mining
29:00 Gold Shaft Mining
Connection lost

Rejoining the realm…

Still unreachable

The connection could not be restored.

Session expired

The server has moved on; the page needs a fresh start.